 Dungeon Crawl Stone Soup version 0.24.0-125-gc4c63601f3 (webtiles) character file.

Game seed: 17981567032572142747, levelgen mode: deterministic

571851 Peloso the Minotaur Barricade (level 25, -37/227 HPs)
             Began as a Minotaur Fighter on Feb 20, 2020.
             Was the Champion of Okawaru.
             Annihilated by a very large slime creature (46 damage)
             ... while paralysed by a floating eye
             ... on level 4 of the Pits of Slime on Feb 21, 2020.
             The game lasted 04:23:57 (80868 turns).

Peloso the Minotaur Barricade (Minotaur Fighter)   Turns: 80868, Time: 04:23:58

Health: -37/227    AC: 18    Str: 40    XL:     25   Next: 66%
Magic:  4/19       EV:  2    Int:  7    God:    Okawaru [******]
Gold:   4146       SH:  0    Dex: 17    Spells: 24/24 levels left

rFire    + + +     SeeInvis .   b - +6 double sword (vamp)
rCold    + + .     Gourm    .   y - +1 large shield "Jimuiph" {rCorr Str+4}
rNeg     + . .     Faith    +   s - +3 gold dragon scales
rPois    +         Spirit   .   E - +1 hat {MR+}
rElec    .         Reflect  .   G - scarf {cloud immunity}
rCorr    +         Harm     .   S - +0 pair of gloves {Str+3}
MR       +++..                  V - +1 pair of boots of Vanity {rC+ Str+3}
Stlth    ..........             M - amulet of faith
HPRegen  0.47/turn              w - ring of New Discoveries {rN+ Int+4 Dex+4}
MPRegen  0.16/turn              l - ring of Winter {rF++ MR+}

@: paralysed, heroism, corroded
A: retaliatory headbutt, horns 2, deformed body, dopey 1, frail 1, low mp 2
}: 3/15 runes: decaying, silver, gossamer
a: Heroism, Finesse, Renounce Religion


You were on level 4 of the Pits of Slime.
You worshipped Okawaru.
Okawaru was exalted by your worship.
You were hungry.

You visited 10 branches of the dungeon, and saw 50 of its levels.
You visited 1 bazaar.
You also visited: Trove and Ice Cave.

You collected 8965 gold pieces.
You spent 4819 gold pieces at shops.

Inventory:

Hand Weapons
 a - the +5 double sword of Severance {slice, rC+ Str+4 Dex-4}
   (You acquired it on level 1 of the Vaults)

   It inflicts extra damage upon your enemies.
   It affects your strength (+4).
   It affects your dexterity (-4).
   It protects you from cold.
 b - a +6 vampiric double sword (weapon)
Armour
 c - the +2 shield of Death Resistance {rElec rPois Dex+4 Slay+3}
   (You bought it in a shop on level 2 of the Orcish Mines)

   It affects your dexterity (+4).
   It affects your accuracy and damage with ranged weapons and melee attacks
   (+3).
   It insulates you from electricity.
   It protects you from poison.
 s - +3 gold dragon scales (worn)
 y - the +1 large shield "Jimuiph" (worn) {rCorr Str+4}
   (Okawaru gifted it to you on level 5 of the Vaults)

   It affects your strength (+4).
   It provides partial protection from all sources of acid and corrosion.
 E - a +1 hat of magic resistance (worn)
 G - a scarf of cloud immunity (worn)
 O - a +2 pair of boots of running
 S - a +0 pair of gloves of strength (worn)
 V - the +1 pair of boots of Vanity (worn) {rC+ Str+3}
   (Okawaru gifted it to you on level 1 of the Vaults)

   It affects your strength (+3).
   It protects you from cold.
 Y - the +4 large shield "Tiuschaho" {rF+ rC+ rN+ Str+4}
   (You found it on level 4 of the Depths)

   It affects your strength (+4).
   It protects you from fire.
   It protects you from cold.
   It protects you from negative energy.
Jewellery
 l - the ring of Winter (right hand) {rF++ MR+}
   (You found it on level 3 of the Depths)

   [ring of protection from magic]

   It greatly protects you from fire.
   It affects your resistance to hostile enchantments.
 w - the ring of New Discoveries (left hand) {rN+ Int+4 Dex+4}
   (You found it in a treasure trove)

   [ring of intelligence]

   It affects your intelligence (+4).
   It affects your dexterity (+4).
   It protects you from negative energy.
 I - an uncursed ring of resist corrosion
 J - the amulet "Toarinn" {Reflect Int+6 SH+6}
   (You bought it in a shop on level 1 of the Elven Halls)

   [amulet of reflection]

   It shields you and reflects attacks.
   It affects your intelligence (+6).
   It affects your SH (+6).
 M - an amulet of faith (around neck)
 P - the ring "Jifoi" {Str+3 SInv}
   (You found it in a treasure trove)

   [ring of see invisible]

   It affects your strength (+3).
   It lets you see invisible.
 U - the amulet "Rivor" {Spirit rPois MR+ Str+2 Int-4}
   (You took it off a deep elf annihilator on level 3 of the Elven Halls)

   [amulet of guardian spirit]

   It causes incoming damage to be split between your health and magic.
   It affects your strength (+2).
   It affects your intelligence (-4).
   It protects you from poison.
   It affects your resistance to hostile enchantments.
 W - the amulet of Vitality {Regen+ HP+15}
   (You found it on level 4 of the Depths)

   [amulet of regeneration]

   It affects your health (+15).
   It increases your rate of regeneration.
Wands
 i - a wand of digging (6)
Scrolls
 g - 4 scrolls of identify
 h - 6 scrolls of magic mapping
 k - 16 scrolls of teleportation
 o - 19 scrolls of remove curse
 p - a scroll of blinking
 A - 2 scrolls of summoning
 B - 2 scrolls of noise
 Z - a scroll of fear
Potions
 d - 10 potions of might
 j - 2 potions of haste
 u - a potion of heal wounds
 z - 10 potions of agility
 C - 12 potions of curing
 D - 2 potions of berserk rage
 F - 7 potions of mutation
 K - 2 potions of resistance
 N - a potion of flight
Comestibles
 f - 70 rations


   Skills:
 + Level 25.8(27) Fighting
 + Level 26.0(27) Long Blades
 + Level 22.0(27) Armour
 + Level 8.0(13.0) Dodging
 + Level 3.3(8.3) Stealth
 O Level 27 Shields
 + Level 4.1 Invocations
 + Level 2.0 Evocations


You had 24 spell levels left.
You didn't know any spells.
Your spell library contained the following spells:

 Spells                   Type           Power        Failure   Level  Hunger
 Animate Skeleton         Necr           N/A          86%         1    ##.....
 Beastly Appendage        Tmut           #.....       86%         1    ##.....
 Confusing Touch          Hex            #.....       86%         1    ##.....
 Infusion                 Chrm           #...         86%         1    ##.....
 Magic Dart               Conj           #...         86%         1    ##.....
 Pain                     Necr           #...         86%         1    ##.....
 Sandblast                Erth           #.....       86%         1    ##.....
 Shock                    Conj/Air       #...         86%         1    ##.....
 Sting                    Conj/Pois      #...         86%         1    ##.....
 Summon Butterflies       Summ           #.......     86%         1    ##.....
 Summon Small Mammal      Summ           #...         86%         1    ##.....
 Blink                    Tloc           N/A          94%         2    ###....
 Call Imp                 Summ           #.......     94%         2    ###....
 Corpse Rot               Necr           N/A          94%         2    ###....
 Passwall                 Tmut/Erth      #.......     94%         2    ###....
 Poisonous Vapours        Pois/Air       #.....       94%         2    ###....
 Searing Ray              Conj           #.....       94%         2    ###....
 Shroud of Golubria       Chrm/Tloc      #.....       94%         2    ###....
 Slow                     Hex            #.......     94%         2    ###....
 Song of Slaying          Chrm           #.......     94%         2    ###....
 Sticks to Snakes         Tmut           #.......     94%         2    ###....
 Swiftness                Chrm/Air       #.......     94%         2    ###....
 Throw Flame              Conj/Fire      #.....       94%         2    ###....
 Call Canine Familiar     Summ           #.......     99%         3    ####...
 Confuse                  Hex            #.......     99%         3    ####...
 Conjure Flame            Conj/Fire      #.......     99%         3    ####...
 Gell's Gravitas          Tloc           #.........   99%         3    ####...
 Mephitic Cloud           Conj/Pois/Air  #.......     99%         3    ####...
 Recall                   Summ/Tloc      N/A          99%         3    ####...
 Regeneration             Chrm/Necr      #.........   99%         3    ####...
 Spectral Weapon          Hex/Chrm       #.......     99%         3    ####...
 Spider Form              Tmut/Pois      #.........   99%         3    ####...
 Static Discharge         Conj/Air       #.......     99%         3    ####...
 Stone Arrow              Conj/Erth      #.....       99%         3    ####...
 Summon Guardian Golem    Hex/Summ       #.......     99%         3    ####...
 Vampiric Draining        Necr           #.........   99%         3    ####...
 Airstrike                Air            #.........   100%        4    #####..
 Animate Dead             Necr           N/A          100%        4    #####..
 Ice Form                 Ice/Tmut       #.......     100%        4    #####..
 Iskenderun's Mystic Bla  Conj           #.......     100%        4    #####..
 Leda's Liquefaction      Hex/Erth       #.........   100%        4    #####..
 Olgreb's Toxic Radiance  Pois           #.......     100%        4    #####..
 Petrify                  Tmut/Erth      #.......     100%        4    #####..
 Summon Ice Beast         Ice/Summ       #.......     100%        4    #####..
 Summon Lightning Spire   Summ/Air       #.......     100%        4    #####..
 Throw Icicle             Conj/Ice       #.......     100%        4    #####..
 Blade Hands              Tmut           #.........   100%        5    ######.
 Bolt of Magma            Conj/Fire/Erth #.........   100%        5    ######.
 Borgnjor's Vile Clutch   Necr/Erth      #.........   100%        5    ######.
 Iskenderun's Battlesphe  Conj/Chrm      #.......     100%        5    ######.
 Lee's Rapid Deconstruct  Erth           #.........   100%        5    ######.
 Lightning Bolt           Conj/Air       #.........   100%        5    ######.
 Metabolic Englaciation   Hex/Ice        #.........   100%        5    ######.
 Summon Forest            Summ/Tloc      #.........   100%        5    ######.
 Summon Mana Viper        Hex/Summ       #.......     100%        5    ######.
 Venom Bolt               Conj/Pois      #.........   100%        5    ######.
 Yara's Violent Unravell  Hex/Tmut       #.........   100%        5    ######.
 Conjure Ball Lightning   Conj/Air       #.........   100%        6    #######
 Death Channel            Necr           #.........   100%        6    #######
 Deflect Missiles         Chrm/Air       #.........   100%        6    #######
 Freezing Cloud           Conj/Ice/Air   #.........   100%        6    #######
 Hydra Form               Tmut           #.........   100%        6    #######
 Iron Shot                Conj/Erth      #.........   100%        6    #######
 Poison Arrow             Conj/Pois      #.........   100%        6    #######
 Simulacrum               Ice/Necr       #.........   100%        6    #######
 Orb of Destruction       Conj           #.........   100%        7    #######
 Ring of Flames           Chrm/Fire      #.........   100%        7    #######
 Spellforged Servitor     Conj/Summ      #.........   100%        7    #######
 Summon Hydra             Summ           #.........   100%        7    #######
 Chain Lightning          Conj/Air       #.........   100%        8    #######
 Lehudib's Crystal Spear  Conj/Erth      #.........   100%        8    #######
 Fire Storm               Conj/Fire      #.........   100%        9    #######
 Glaciate                 Conj/Ice       #.........   100%        9    #######
 Shatter                  Erth           #.........   100%        9    #######


Dungeon Overview and Level Annotations

Branches:
Dungeon (15/15)            Temple (1/1) D:6            Lair (6/6) D:11
  Swamp (4/4) Lair:2       Spider (4/4) Lair:3        Slime (5/5) Lair:6
    Orc (2/2) D:12            Elf (3/3) Orc:2        Vaults (5/5) D:14
  Crypt (0/3) Vaults:2     Depths (5/5) D:15          IceCv (visited)
    Zot: Depths:5

Altars:
Ashenzari
Cheibriados
Dithmenos
Elyvilon
Fedhas
Gozag
Hepliaklqana
Kikubaaqudgha
Makhleb
Nemelex Xobeh
Okawaru
Qazlal
Ru
Sif Muna
Trog
Uskayaw
Vehumet
Wu Jian
Xom
Yredelemnul
Zin
The Shining One
Beogh
Lugonu

Shops:
D:6 %   D:7 ?   D:9 =   Orc:2 *![:[   Elf:1 =   Elf:2 [[:(*   Elf:3 (
Vaults:1 [   Vaults:4 %*   Depths:3 *([(

Portals:
Hell: Depths:1 Depths:2 Depths:3 Depths:4
Abyss: Depths:4
Pandemonium: Orc:2 Depths:1 Depths:3
Ziggurat: Depths:1

Annotations:
Slime:4 Dissolution


Innate Abilities, Weirdness & Mutations

You reflexively headbutt those who attack you in melee.
You have a pair of horns on your head.
Armour fits poorly on your strangely shaped body.
You are dopey. (Int -2)
You are frail. (-10% HP)
Your magical capacity is very low. (-20% MP)


Message History

The floating eye gazes piercingly through you!
You suddenly lose the ability to move!
The acid blob spits acid at you. The splash of acid hits you. You resist.
You are splashed with acid.
You resist.
The slime creature hits you but does no damage.
The very large slime creature hits you!!!
* * * LOW HITPOINT WARNING * * *
Dissolution hits you!!
* * * LOW HITPOINT WARNING * * *
You are splashed with acid.
You resist.
* * * LOW HITPOINT WARNING * * *
Dissolution hits you but does no damage.
The acid blob hits you but does no damage.
The floating eye's stare focuses on you.
The slime creature hits you but does no damage.
The slime creature hits you!
* * * LOW HITPOINT WARNING * * *
The very large slime creature hits you!!!
You die...

..#..........#
.............##
..#...........#
... .....^...#
....##.......#
.............#
.........GG..#
......<.JJJ.##
........J@GG.##
.........J....#
.............##
.#....#.....##
......#......#
.##..##.......#
### ##.##..##
### ###


You could see Dissolution, an acid blob, a very large slime creature, 2 slime
creatures, 3 eyes of draining and a floating eye.

Vanquished Creatures
  A juggernaut (Depths:2)
  Sojobo (Depths:1)
  A caustic shrike (Depths:1)
  A large abomination (Vaults:5)
  3 golden dragons
  Jory (Vaults:2)
  Nikola (Spider:2)
  Arachne (Spider:4)
  Rupert (Vaults:4)
  2 tentacled monstrosities (Vaults:4)
  A lich (Vaults:4)
  Asterion (Vaults:4)
  2 deep elf master archers
  5 titans
  11 acid blobs
  The ghost of Xerdoz the Severer, an adept MiBe of Trog (Swamp:4)
  A quicksilver dragon (Vaults:5)
  An acid blob (shapeshifter) (Depths:4)
  3 deep elf blademasters
  3 sphinxes
  Agnes (Vaults:4)
  4 shadow dragons (Vaults:5)
  2 thorn hunters (Swamp:4)
  2 storm dragons (Vaults:5)
  6 tengu reavers
  Kirke (Spider:3)
  An azure jelly (shapeshifter) (Depths:4)
  8 fire giants
  A ghost moth (shapeshifter) (Depths:4)
  20 vault wardens
  10 deep elf sorcerers
  10 frost giants
  An iron dragon (Vaults:5)
  6 azure jellies
  5 ghost moths
  9 emperor scorpions
  6 deep elf elementalists
  Aizul (Spider:1)
  The ghost of brucemayne the Severer, a journeyman HOMo of Makhleb (Spider:1)
  19 ironheart preservers
  6 war gargoyles
  A juggernaut skeleton (Depths:3)
  2 entropy weavers
  24 very ugly things
  2 vampire knights
  11 deep elf demonologists
  16 stone giants
  2 stone giants (shapeshifter)
  Azrael (Elf:2)
  8 deep elf annihilators
  A spark wasp (shapeshifter) (Depths:4)
  7 spark wasps
  A merfolk javelineer (Depths:2)
  A blizzard demon (Depths:4)
  14 crystal guardians
  8 deep elf death magi
  Josephine (Lair:5)
  16 ettins
  13 fire dragons
  6 jiangshi
  35 vault guards
  10 deep elf high priests
  Harold (D:8)
  9 ice dragons
  5 great orbs of eyes
  A ghost crab (Swamp:2)
  Erolcha (D:13)
  27 yaktaur captains
  12 hydras
  5 death knights
  A shambling mangrove (Swamp:3)
  4 rakshasas
  3 spriggan air magi (Depths:2)
  14 ogre magi
  An anaconda (shapeshifter) (Depths:2)
  A two-headed ogre (shapeshifter) (Depths:3)
  10 centaur warriors
  41 dancing weapons
  37 two-headed ogres
  6 alligators
  5 deep troll shamans
  4 vampire magi
  6 deep troll earth magi
  6 tengu warriors
  3 death yaks (Lair:5)
  Urug (Lair:5)
  4 orc high priests (Orc:2)
  A shock serpent (Depths:4)
  2 spriggan berserkers
  30 deep elf knights
  2 iron golems (Depths:4)
  A soul eater (Depths:1)
  A fire crab (shapeshifter) (Depths:4)
  6 skeletal warriors
  A shadow wraith (Vaults:3)
  2 gelid demonspawn (Orc:2)
  3 unseen horrors
  A sixfirhy (Orc:2)
  A sea snake (shapeshifter) (Depths:4)
  29 deep trolls
  8 swamp dragons
  A glowing orange brain (shapeshifter) (Vaults:5)
  2 infernal demonspawn (Orc:2)
  A shadow demon (Depths:1)
  10 glowing orange brains
  3 flayed ghosts
  A lindwurm (Lair:6)
  A torturous demonspawn (Depths:1)
  2 orange crystal statues
  A phantasmal warrior (Vaults:5)
  18 ironbrand convokers
  6 necromancers
  2 wizards (D:15)
  22 deep elf archers
  4 obsidian statues (Depths:4)
  2 spectral wolf spiders (Spider:1)
  A shining eye (shapeshifter) (Depths:4)
  94 deep elf magi
  87 ugly things
  13 orc knights
  26 orb spiders
  2 manticores
  11 orc sorcerers
  A fire giant zombie (Depths:1)
  26 wolf spiders
  A sphinx skeleton (Depths:3)
  3 shining eyes
  2 fauns (shapeshifter)
  A moth of wrath (Spider:4)
  8 cyclopes
  A manticore (shapeshifter) (Depths:4)
  2 orb spiders (shapeshifter)
  Maurice (Orc:2)
  A moth of wrath (shapeshifter) (D:15)
  15 vault sentinels
  An elephant (shapeshifter) (Depths:4)
  An elephant (D:11)
  2 ice statues (IceCv)
  2 eyes of devastation
  2 guardian serpents (Depths:3)
  A guardian serpent (shapeshifter) (D:14)
  4 molten gargoyles (Depths:4)
  A stone giant skeleton (Vaults:2)
  2 centaur skeletons
  A black mamba (shapeshifter) (Elf:3)
  3 black mambas
  16 spiny frogs
  A rust devil (Orc:2)
  5 gargoyles
  A yaktaur (shapeshifter) (Vaults:3)
  A storm dragon simulacrum (Vaults:2)
  7 torpor snails
  A komodo dragon (shapeshifter) (D:15)
  6 kobold demonologists
  A spiny frog (shapeshifter) (D:15)
  An efreet (D:14)
  8 komodo dragons
  9 demonic crawlers
  44 yaktaurs
  A rime drake (shapeshifter) (D:13)
  7 freezing wraiths
  22 polar bears
  A golden dragon simulacrum (Depths:3)
  A queen bee (shapeshifter) (D:13)
  2 merfolk (shapeshifter)
  8 tengu conjurers
  A spectral jumping spider (Spider:1)
  A spectral tarantella (Spider:1)
  5 trolls
  3 meliai (Spider:3)
  11 tyrant leeches
  A wind drake (shapeshifter) (Vaults:1)
  25 hornets
  47 jumping spiders
  3 raiju (Lair:6)
  A slime creature (shapeshifter) (Depths:4)
  92 slime creatures
  A polar bear (shapeshifter) (Depths:3)
  16 blink frogs
  A wind drake (Depths:4)
  An ettin zombie (Depths:1)
  A frost giant simulacrum (Vaults:2)
  12 bog bodies
  6 dream sheep (Lair:5)
  13 hippogriffs
  An ice dragon zombie (Depths:1)
  A dream sheep (shapeshifter) (Depths:4)
  A stone giant simulacrum (Depths:1)
  10 air elementals
  A redback (shapeshifter) (Vaults:5)
  2 shadows
  108 redbacks
  7 small abominations
  A spriggan skeleton (Depths:3)
  27 tarantellas
  A yak (shapeshifter) (Vaults:3)
  7 spriggans
  A ynoxinul (Orc:2)
  6 wyverns
  9 wraiths
  2 vampires
  3 basilisks
  A golden eye (shapeshifter) (Vaults:2)
  53 yaks
  22 water elementals
  11 fire elementals
  A hog (shapeshifter) (Depths:4)
  A human (D:10)
  2 neqoxecs (Orc:2)
  6 hogs
  A hungry ghost (D:15)
  7 chaos spawn
  2 human simulacra
  A redback simulacrum (Spider:1)
  13 vampire mosquitoes
  2 swamp worms (shapeshifter)
  12 swamp worms
  An acid dragon (D:15)
  Edmund (D:5)
  9 wargs
  15 insubstantial wisps
  9 water moccasins
  A moth of wrath simulacrum (Spider:1)
  A deep troll skeleton (Vaults:2)
  15 hell hounds
  2 jumping spider simulacra (Spider:1)
  4 porcupines
  4 ice beasts
  A spriggan simulacrum (Depths:1)
  A tarantella simulacrum (Spider:1)
  A spectral hornet (Spider:1)
  7 eyes of draining
  3 sky beasts
  13 boggarts
  14 black bears
  A necrophage (D:12)
  38 orc warriors
  3 phantoms
  12 swamp drakes
  37 ogres
  7 centaurs
  57 wolves
  14 crocodiles
  3 big kobolds
  2 gnoll sergeants
  A big kobold (shapeshifter) (Depths:1)
  9 bullfrogs
  A wyvern zombie (D:10)
  6 earth elementals
  A glowing shapeshifter simulacrum (Vaults:2)
  An orc simulacrum (Vaults:1)
  22 killer bees
  12 wights
  11 howler monkeys
  4 electric eels
  5 crimson imps
  A yaktaur simulacrum (Vaults:1)
  3 centaur zombies
  3 bullfrog skeletons
  6 hounds
  9 jellies
  4 quasits
  31 orc priests
  3 iguanas
  26 orc wizards
  10 worker ants
  6 hell rats (Lair:2)
  A hound skeleton (D:4)
  Robin (D:4)
  A worker ant zombie (D:9)
  12 gnolls
  19 adders
  13 river rats (Lair:2)
  4 shadow imps
  2 ufetubi (Depths:1)
  3 oozes
  An adder skeleton (D:8)
  6 worms
  3 leopard geckos
  98 orcs
  7 bats
  4 giant cockroaches
  13 goblins
  11 hobgoblins
  5 jackals
  14 quokkas
  A ball python (D:4)
  5 frilled lizards
  16 kobolds
  A leopard gecko skeleton (D:4)
  24 rats
  2 briar patches (Swamp:4)
  A bush (Lair:1)
  A butterfly (Lair:5)
  3 crawling corpses (Vaults:5)
  3 fungi (Lair:1)
  5 plants (Lair:6)
2468 creatures vanquished.

Vanquished Creatures (others)
  A war gargoyle (Depths:4)
  A dancing weapon (Elf:2)
  A spriggan berserker (Swamp:4)
  2 deep elf knights
  An unseen horror (Vaults:1)
  A deep elf mage (Elf:2)
  A yaktaur (Vaults:5)
  A komodo dragon (Lair:6)
  A hippogriff (D:12)
  2 tarantellas (Spider:1)
  2 fire elementals (Depths:4)
  2 insubstantial wisps (Swamp:2)
  A water moccasin (Lair:6)
  A boggart (Depths:1)
  A big kobold (D:12)
  2 crimson imps
  11 ball lightnings (Depths:4)
  An orc (D:12)
  2 kobolds (D:12)
  2 briar patches (Swamp:4)
  4 fungi
  15 plants
56 creatures vanquished.

Grand Total: 2524 creatures vanquished

Notes
Turn   | Place    | Note
-------+----------+-------------------------------------------
     0 | D:1      | Peloso the Minotaur Fighter began the quest for the Orb.
     0 | D:1      | Reached XP level 1. HP: 19/19 MP: 0/0
   254 | D:1      | Reached XP level 2. HP: 27/27 MP: 1/1
   797 | D:2      | Reached skill level 4 in Shields
   797 | D:2      | Reached XP level 3. HP: 33/33 MP: 2/2
   828 | D:2      | Found a blossoming altar of Fedhas.
  1386 | D:2      | Reached skill level 1 in Dodging
  1386 | D:2      | Reached XP level 4. HP: 36/40 MP: 3/3
  2013 | D:3      | Found a shattered altar of Ashenzari.
  2349 | D:3      | Reached XP level 5. HP: 27/47 MP: 4/4
  2763 | D:3      | Reached skill level 5 in Shields
  2931 | D:2      | Reached skill level 5 in Armour
  3086 | D:4      | Noticed Robin
  3200 | D:4      | Killed Robin
  3232 | D:4      | Noticed a phantom
  3236 | D:4      | Reached XP level 6. HP: 49/53 MP: 5/5
  3543 | D:4      | Reached skill level 5 in Long Blades
  3543 | D:4      | Reached XP level 7. HP: 4/60 MP: 6/6
  3544 | D:4      | HP: 3/60 [poisoned by a worker ant]
  3552 | D:4      | HP: 3/60 [poisoned by a worker ant]
  3565 | D:4      | Reached skill level 6 in Shields
  3934 | D:5      | Entered Level 5 of the Dungeon
  3934 | D:5      | Noticed Edmund
  3952 | D:5      | Killed Edmund
  3996 | D:5      | Found a transporter.
  4019 | D:5      | Found a glowing golden altar of the Shining One.
  4123 | D:5      | Got an ancient lajatang
  4374 | D:5      | Found a transporter.
  4558 | D:6      | Reached skill level 5 in Fighting
  4621 | D:6      | Reached skill level 1 in Stealth
  4621 | D:6      | Reached XP level 8. HP: 60/68 MP: 7/7
  4625 | D:6      | Found Sesti's Food Shop.
  4707 | D:6      | Found a staircase to the Ecumenical Temple.
  4781 | Temple   | Entered the Ecumenical Temple
  4819 | Temple   | Became a worshipper of Warmaster Okawaru
  5143 | D:7      | Reached skill level 7 in Shields
  5199 | D:7      | Found a sacrificial altar of Ru.
  5202 | D:7      | Noticed a hippogriff
  5223 | D:7      | Killed a hippogriff
  5453 | D:7      | Reached * piety under Okawaru
  5492 | D:7      | Reached XP level 9. HP: 37/75 MP: 8/8
  5544 | D:7      | Found Kivik's Magic Scroll Shop.
  5549 | D:7      | Bought a scroll of magic mapping for 52 gold pieces
  5549 | D:7      | Bought a scroll of magic mapping for 52 gold pieces
  5549 | D:7      | Bought a scroll of identify for 30 gold pieces
  5549 | D:7      | Bought a scroll of blinking for 112 gold pieces
  6012 | D:8      | Identified the +3 lajatang of Kalam {venom, rF++ rC-} (You
                  | found it on level 5 of the Dungeon)
  6129 | D:7      | Reached skill level 8 in Shields
  6366 | D:8      | Noticed Harold
  6386 | D:8      | Killed Harold
  6386 | D:8      | Reached ** piety under Okawaru
  6386 | D:8      | Reached skill level 10 in Long Blades
  6645 | D:8      | Reached skill level 9 in Shields
  7397 | D:8      | Found a transporter.
  7400 | D:8      | Noticed a brown ugly thing
  7400 | D:8      | Noticed a purple ugly thing
  7401 | D:8      | Noticed a purple ugly thing
  7402 | D:8      | Found a transporter.
  7402 | D:8      | Found a corrupted altar of Lugonu.
  7875 | D:9      | Reached XP level 10. HP: 76/84 MP: 9/9
  7970 | D:9      | Found Hyraeliv's Jewellery Shoppe.
  7976 | D:9      | Bought a cursed amulet of inaccuracy for 22 gold pieces
  8221 | D:9      | Noticed a two-headed ogre
  8228 | D:9      | Killed a two-headed ogre
  8421 | D:10     | Entered Level 10 of the Dungeon
  8460 | D:10     | Reached *** piety under Okawaru
  8460 | D:10     | Reached skill level 10 in Shields
  8728 | D:10     | Noticed a two-headed ogre
  8735 | D:10     | Killed a two-headed ogre
  8881 | D:10     | Noticed a two-headed ogre
  8890 | D:10     | Killed a two-headed ogre
  8969 | D:10     | Reached skill level 11 in Shields
  9181 | D:10     | Reached **** piety under Okawaru
  9477 | D:10     | Reached XP level 11. HP: 76/94 MP: 10/10
  9623 | D:11     | Reached skill level 10 in Armour
  9758 | D:11     | Found a staircase to the Lair.
 10023 | D:11     | Noticed a red ugly thing
 10032 | D:11     | Killed a red ugly thing
 10032 | D:11     | Reached ***** piety under Okawaru
 10708 | D:12     | Received a gift from Okawaru
 10709 | D:12     | Found the +6 arbalest "Damnation" {damnation}
 10765 | D:12     | Noticed a brown ugly thing
 10769 | D:12     | Noticed a red ugly thing
 10787 | D:12     | Killed a brown ugly thing
 10787 | D:12     | Reached skill level 5 in Dodging
 10800 | D:12     | Killed a brown ugly thing
 10800 | D:12     | Reached skill level 12 in Shields
 11205 | D:12     | Noticed a deep elf mage
 11208 | D:12     | Found a staircase to the Orcish Mines.
 11214 | D:12     | Killed a deep elf mage
 11391 | D:12     | Reached skill level 1 in Invocations
 11456 | D:12     | Received a gift from Okawaru
 12946 | Lair:1   | Entered Level 1 of the Lair of Beasts
 13169 | Lair:1   | Reached XP level 12. HP: 106/106 MP: 11/11
 13885 | Lair:2   | Found a staircase to the Swamp.
 13949 | Lair:2   | Received a gift from Okawaru
 14013 | Lair:2   | Reached skill level 13 in Shields
 14069 | Lair:2   | Reached skill level 10 in Fighting
 15026 | Lair:2   | Reached ****** piety under Okawaru
 15044 | Lair:2   | Reached skill level 14 in Shields
 15531 | Lair:3   | Received a gift from Okawaru
 15836 | Lair:3   | Reached XP level 13. HP: 103/115 MP: 12/12
 15848 | Lair:3   | Found a hole to the Spider Nest.
 16110 | Lair:3   | You fall into a shaft and drop 1 floor!
 16165 | Lair:4   | Found a frozen archway.
 16192 | IceCv    | Entered an ice cave
 16249 | IceCv    | Received a gift from Okawaru
 17192 | IceCv    | Noticed a frost giant
 17219 | IceCv    | Killed a frost giant
 17225 | IceCv    | Reached skill level 1 in Evocations
 18059 | Lair:4   | Reached skill level 15 in Long Blades
 19331 | Lair:5   | Noticed Urug
 19350 | Lair:5   | Killed Urug
 19478 | Lair:5   | Noticed Josephine
 19499 | Lair:5   | Killed Josephine
 19499 | Lair:5   | Reached skill level 15 in Shields
 19691 | Lair:5   | Identified a +1 pair of boots of running (You found it on
                  | level 5 of the Lair of Beasts)
 20253 | D:13     | Reached XP level 14. HP: 38/125 MP: 13/13
 20462 | D:13     | Received a gift from Okawaru
 20473 | D:13     | Got a jewelled scimitar {god gift}
 20474 | D:13     | Identified the +4 scimitar "Killer Klown's Foe" {speed,
                  | *Noise +Inv Str+3} (Okawaru gifted it to you on level 13 of
                  | the Dungeon)
 20531 | D:13     | Identified the +1 scale mail of the Wilderness {rElec rF+
                  | SInv}
 20538 | D:13     | Found a shimmering altar of Xom.
 20543 | D:13     | Found the +7 mace of Variability {chain chaos}
 20646 | D:13     | Noticed Erolcha
 20662 | D:13     | Killed Erolcha
 21229 | D:14     | Found a hazy altar of Hepliaklqana.
 21465 | D:14     | Received a gift from Okawaru
 21960 | D:14     | Found a gate to the Vaults.
 22154 | D:15     | Entered Level 15 of the Dungeon
 22222 | Orc:1    | Entered Level 1 of the Orcish Mines
 22222 | Orc:1    | Found a roughly hewn altar of Beogh.
 22379 | Orc:1    | HP: 1/129 [deep elf mage/bolt of cold (33)]
 22728 | Orc:1    | Reached skill level 16 in Shields
 23172 | Orc:2    | Entered Level 2 of the Orcish Mines
 23574 | Orc:2    | Found Ymuran's Distillery.
 23575 | Orc:2    | Found Imiful's General Store.
 23759 | Orc:2    | Received a gift from Okawaru
 23774 | Orc:2    | Gained mutation: You do not regenerate when monsters are
                  | visible. [a neqoxec]
 23827 | Orc:2    | Bought a potion of heal wounds for 75 gold pieces
 23827 | Orc:2    | Bought a potion of curing for 45 gold pieces
 23827 | Orc:2    | Bought a potion of might for 60 gold pieces
 23943 | Orc:2    | Found Geleejy's Armour Emporium.
 23970 | Orc:2    | Bought the +2 shield of Death Resistance {rElec rPois Dex+4
                  | Slay+3} for 751 gold pieces
 23998 | Orc:2    | Found a staircase to the Elven Halls.
 24059 | Orc:2    | Noticed Maurice
 24068 | Orc:2    | Killed Maurice
 24068 | Orc:2    | Reached XP level 15. HP: 136/136 MP: 12/15
 24226 | Orc:2    | Received a gift from Okawaru
 25050 | Orc:2    | Found Hahin's Book Boutique.
 25050 | Orc:2    | Found a one-way gate leading to the halls of Pandemonium.
 25050 | Orc:2    | Found Ingeogech's Antique Armour Shop.
 25054 | Orc:2    | Bought an encrusted scale mail for 198 gold pieces
 25067 | Orc:2    | Identified the +6 scale mail of the Echidna {rF+++ rC-
                  | MR+++ Dex-3} (You bought it in a shop on level 2 of the
                  | Orcish Mines)
 25497 | Lair:6   | Entered Level 6 of the Lair of Beasts
 25766 | Lair:6   | Reached skill level 17 in Shields
 26316 | Lair:6   | Found a staircase to the Slime Pits.
 26542 | Lair:6   | Found a runed translucent door.
 26580 | Lair:6   | Received a gift from Okawaru
 27717 | D:15     | Reached skill level 15 in Armour
 28004 | D:15     | Received a gift from Okawaru
 28009 | D:15     | Reached XP level 16. HP: 122/147 MP: 16/16
 28392 | D:15     | Reached skill level 15 in Fighting
 28408 | D:15     | Found a staircase to the Depths.
 29220 | D:8      | Got an ichor-stained hunting sling
 29242 | D:8      | Got a bloodstained battleaxe
 29840 | Swamp:1  | Entered Level 1 of the Swamp
 29843 | Swamp:1  | Reached skill level 18 in Shields
 30708 | Swamp:2  | Received a gift from Okawaru
 30718 | Swamp:2  | Got a pair of smoking boots {god gift}
 30730 | Swamp:2  | Got a twisted trident
 30879 | Swamp:2  | Identified a scroll of acquirement
 30890 | Swamp:2  | Identified the -1 pair of boots "Naunoss" {Int+4} (Okawaru
                  | gifted it to you on level 2 of the Swamp)
 31495 | Swamp:2  | Identified the +3 hunting sling "Nihoc" {venom, MP+9} (You
                  | found it on level 8 of the Dungeon)
 31496 | Swamp:2  | Identified the cursed +1 trident of Ullot {freeze, rC+}
                  | (You found it on level 2 of the Swamp)
 32533 | Swamp:4  | Entered Level 4 of the Swamp
 32692 | Swamp:4  | Found a runed translucent door.
 32696 | Swamp:4  | Noticed Xerdoz's ghost (adept MiBe)
 32933 | Swamp:4  | Received a gift from Okawaru
 33018 | Swamp:4  | Reached skill level 19 in Shields
 33039 | Swamp:4  | Noticed a thorn hunter
 33057 | Swamp:4  | Noticed a thorn hunter
 33073 | Swamp:4  | Killed a thorn hunter
 33224 | Swamp:4  | Killed a thorn hunter
 33362 | Swamp:4  | Reached XP level 17. HP: 127/158 MP: 17/17
 33475 | Swamp:4  | Got a decaying rune of Zot
 33601 | Swamp:4  | Killed Xerdoz's ghost
 33608 | Swamp:4  | Identified Yrept's Collected Works on the Mountains
 33931 | Lair:1   | Identified the cursed +3 battleaxe of Wyrd {flame, rF+ rC+
                  | Dex+6} (You found it on level 8 of the Dungeon)
 34163 | Spider:1 | Entered Level 1 of the Spider Nest
 34317 | Spider:1 | Found a runed translucent gate.
 34318 | Spider:1 | Found a runed translucent gate.
 34319 | Spider:1 | Found a runed translucent gate.
 34462 | Spider:1 | Received a gift from Okawaru
 35781 | Spider:1 | Noticed brucemayne's ghost (journeyman HOMo)
 36044 | Spider:1 | Killed brucemayne's ghost
 36089 | Spider:1 | Got a bloodstained hat
 36100 | Spider:1 | Identified the -4 hat "Deubuqie" {rN++ MR+} (You found it
                  | on level 1 of the Spider Nest)
 36413 | Elf:1    | Entered Level 1 of the Elven Halls
 36414 | Elf:1    | Received a gift from Okawaru
 36420 | Elf:1    | Got a translucent falchion {god gift}
 36421 | Elf:1    | Identified the +1 falchion of Cukuq {flame, Dex+2 SInv}
                  | (Okawaru gifted it to you on level 1 of the Elven Halls)
 36928 | Elf:1    | Found Heteiz's Jewellery Emporium.
 37291 | Elf:1    | Received a gift from Okawaru
 37310 | Elf:1    | Reached skill level 20 in Shields
 37364 | Elf:1    | Bought the amulet "Toarinn" {Reflect Int+6 SH+6} for 1249
                  | gold pieces
 37453 | Elf:1    | Got a fine falchion
 37454 | Elf:1    | Identified the cursed +0 falchion of Okawaru's Condemnation
                  | {slice, +Fly} (You found it on level 1 of the Elven Halls)
 37740 | Elf:2    | Found Boaz's Armour Shop.
 38138 | Elf:2    | Found Heif's Armour Boutique.
 38523 | Elf:2    | Found Hankei's General Store.
 38595 | Elf:2    | Found Kualeups's Book Boutique.
 38750 | Elf:2    | Reached XP level 18. HP: 98/169 MP: 18/18
 38772 | Elf:2    | Received a gift from Okawaru
 39127 | Elf:2    | Found Gourenga's Antique Weapon Shoppe.
 39253 | Elf:2    | Found a huge runed translucent gate.
 39253 | Elf:2    | Found a huge runed translucent gate.
 39253 | Elf:2    | Found a huge runed translucent gate.
 39253 | Elf:2    | Found a huge runed translucent gate.
 39276 | Elf:2    | Found a huge runed translucent gate.
 39623 | Elf:3    | Entered Level 3 of the Elven Halls
 39878 | Elf:3    | Found Xomituaq's Antique Weapon Emporium.
 40815 | Elf:3    | Noticed a Brimstone Fiend
 41474 | Elf:3    | Received a gift from Okawaru
 41511 | Elf:3    | Reached skill level 21 in Shields
 41924 | Elf:2    | Noticed a Brimstone Fiend
 43605 | Elf:3    | Received a gift from Okawaru
 43615 | Elf:3    | Got a pair of blackened gloves {god gift}
 43644 | Elf:2    | Identified the +2 pair of gloves of Okawaru's Reproof
                  | {Regen+} (Okawaru gifted it to you on level 3 of the Elven
                  | Halls)
 44374 | Elf:3    | Identified the +7 hand axe "Jat Amyts" {vamp, MR+}
 44477 | Elf:3    | Found the +8 arc blade {discharge, rElec}
 44477 | Elf:3    | Identified the amulet "Rivor" {Spirit rPois MR+ Str+2
                  | Int-4}
 45161 | Elf:3    | Got a pitted short sword
 45162 | Elf:3    | Identified the +2 short sword "Veobucik" {drain, rF+ Str+3}
                  | (You found it on level 3 of the Elven Halls)
 45198 | Elf:3    | Identified the Tome of Feathery Battle Magic
 45435 | Elf:2    | Reached XP level 19. HP: 155/180 MP: 16/19
 45541 | Elf:2    | Noticed Azrael
 45555 | Elf:2    | Killed Azrael
 46029 | Elf:2    | Received a gift from Okawaru
 46901 | Spider:2 | Noticed Aizul
 46923 | Spider:1 | Killed Aizul
 47552 | Spider:2 | Received a gift from Okawaru
 47644 | Spider:2 | Noticed Nikola
 47656 | Spider:2 | Killed Nikola
 47679 | Spider:2 | Reached skill level 22 in Shields
 48754 | Spider:3 | Noticed Kirke
 48772 | Spider:3 | Killed Kirke
 49375 | Spider:4 | Entered Level 4 of the Spider Nest
 50034 | Spider:4 | Got a transparent rapier
 50114 | Spider:4 | Identified the cursed +3 rapier of Pestilence {venom, rElec
                  | Dex+2 Stlth+} (You found it on level 4 of the Spider Nest)
 51475 | Spider:4 | Received a gift from Okawaru
 51652 | Spider:4 | Noticed Arachne
 51934 | Spider:4 | Reached XP level 20. HP: 183/191 MP: 20/20
 52048 | Spider:4 | Killed Arachne
 52327 | Spider:4 | Got a gossamer rune of Zot
 52689 | Vaults:1 | Entered Level 1 of the Vaults
 52733 | Vaults:1 | Received a gift from Okawaru
 53791 | Vaults:1 | Found Firuivabb's Antique Armour Emporium.
 53817 | Vaults:1 | Bought a heavily runed plate armour for 980 gold pieces
 53831 | Vaults:1 | Identified the +1 plate armour of Fun {Dex+4} (You bought
                  | it in a shop on level 1 of the Vaults)
 53835 | Vaults:1 | Bought a smoking plate armour for 980 gold pieces
 53849 | Vaults:1 | Identified the +1 plate armour of the Seven of Pentacles
                  | {*Drain rF+ Regen+ Dex+3} (You bought it in a shop on level
                  | 1 of the Vaults)
 53872 | Vaults:1 | Got a jewelled double sword
 53873 | Vaults:1 | Identified the +5 double sword of Severance {slice, rC+
                  | Str+4 Dex-4} (You acquired it on level 1 of the Vaults)
 54018 | Vaults:1 | Reached skill level 23 in Shields
 54298 | Vaults:1 | Received a gift from Okawaru
 54305 | Vaults:1 | Got a pair of ichor-stained boots {god gift}
 54317 | Vaults:1 | Identified the +1 pair of boots of Vanity {rC+ Str+3}
                  | (Okawaru gifted it to you on level 1 of the Vaults)
 55306 | Vaults:2 | Got a dazzling plate armour
 55361 | Vaults:2 | Found a flickering gateway to a bazaar.
 55367 | Bazaar   | Entered a bazaar
 55390 | Bazaar   | Found Tudodim's Weapon Shoppe.
 55407 | Bazaar   | Found Ragampom's Book Emporium.
 55468 | Bazaar   | Found Xofeerio's Book Emporium.
 55813 | Vaults:2 | Received a gift from Okawaru
 55825 | Vaults:2 | Got a slimy lajatang {god gift}
 55826 | Vaults:2 | Identified the +10 lajatang "Wumokuhu" {flame, Dex+4}
                  | (Okawaru gifted it to you on level 2 of the Vaults)
 55828 | Vaults:2 | Identified the +0 plate armour of Poulurch {rPois rF+
                  | Str+2} (You found it on level 2 of the Vaults)
 56356 | Vaults:2 | Noticed Jory
 56374 | Vaults:2 | Killed Jory
 56555 | Vaults:2 | Reached XP level 21. HP: 202/202 MP: 21/21
 56561 | Vaults:2 | Received a gift from Okawaru
 56794 | Vaults:2 | Reached skill level 24 in Shields
 57415 | Vaults:2 | Found a staircase to the Crypt.
 57415 | Vaults:2 | Found a basalt altar of Yredelemnul.
 57416 | Vaults:2 | Found an ancient bone altar of Kikubaaqudgha.
 59136 | Vaults:3 | Received a gift from Okawaru
 60170 | Vaults:4 | Found Ratufy's Food Shoppe.
 60532 | Vaults:4 | Found Cuafioc's General Store.
 60535 | Vaults:4 | Bought a potion of heal wounds for 105 gold pieces
 60535 | Vaults:4 | Bought a potion of curing for 63 gold pieces
 60712 | Vaults:4 | Found a portal to a secret trove of treasure.
 61006 | Orc:2    | Bought a potion of curing for 45 gold pieces
 61520 | Vaults:4 | Received a gift from Okawaru
 61573 | Vaults:4 | You paid a toll of a +4 demon trident to enter a treasure
                  | trove
 61574 | Trove    | Entered a treasure trove
 61581 | Trove    | Got a twitching marble ring
 61583 | Trove    | Got a flickering brass amulet
 61589 | Trove    | Got a bound ivory ring
 61597 | Trove    | Got a bound glass ring
 61599 | Trove    | Got a vibrating glass ring
 61611 | Trove    | Got a warped gossamer ring
 61639 | Trove    | Identified the ring "Ynothrej" {rN+ MP+9 SInv} (You found
                  | it in a treasure trove)
 61641 | Trove    | Identified the ring of New Discoveries {rN+ Int+4 Dex+4}
                  | (You found it in a treasure trove)
 61643 | Trove    | Identified the ring "Otetodgh" {rElec Stlth-} (You found it
                  | in a treasure trove)
 61645 | Trove    | Identified the ring "Jifoi" {Str+3 SInv} (You found it in a
                  | treasure trove)
 61647 | Trove    | Identified the ring of the Pariah {rElec rF+ Stlth-} (You
                  | found it in a treasure trove)
 61648 | Trove    | Identified the amulet of Taeluddarch {Harm *Drain rF+ MR+}
                  | (You found it in a treasure trove)
 62537 | Vaults:4 | Reached skill level 25 in Shields
 62649 | Vaults:4 | Reached XP level 22. HP: 213/213 MP: 22/22
 62964 | Vaults:4 | Noticed Rupert
 62964 | Vaults:4 | Noticed Agnes
 62965 | Vaults:4 | Noticed Asterion
 62970 | Vaults:4 | Killed Agnes
 62973 | Vaults:4 | Killed Rupert
 63000 | Vaults:4 | Killed Asterion
 63340 | Vaults:5 | Entered Level 5 of the Vaults
 63781 | Vaults:4 | Received a gift from Okawaru
 63792 | Vaults:4 | Got a pair of faintly humming gloves {god gift}
 63949 | Vaults:4 | Identified the -1 pair of gloves "Roitel" {rElec} (Okawaru
                  | gifted it to you on level 4 of the Vaults)
 64208 | Vaults:5 | Identified the +10 battleaxe of Oenomania {chop, MR- Str+4
                  | Int+4 Dex+4}
 64885 | Vaults:5 | Got a shimmering hand crossbow
 65220 | Vaults:4 | Received a gift from Okawaru
 65495 | Vaults:5 | Reached skill level 26 in Shields
 65637 | Vaults:5 | Noticed a golden dragon
 65653 | Vaults:5 | Killed a golden dragon
 65655 | Vaults:5 | Identified the +8 trident "Abriheum" {pierce, -Tele +Inv
                  | +Fly rElec rN+}
 65710 | Vaults:5 | Reached XP level 23. HP: 118/223 MP: 24/24
 65712 | Vaults:5 | Received a gift from Okawaru
 66613 | Vaults:5 | Got a smoking quarterstaff
 66614 | Vaults:5 | Identified the cursed +0 quarterstaff of Vohanaps {freeze,
                  | rF+} (You found it on level 5 of the Vaults)
 66616 | Vaults:5 | Identified the +7 hand crossbow of Defence {freeze, Str+3}
                  | (You found it on level 5 of the Vaults)
 66790 | Vaults:5 | Identified the +4 long sword "Siciumog" {speed, rF+ Str-4
                  | SInv}
 66842 | Vaults:5 | Identified the +1 hand crossbow "Raiw Ohudikh" {speed, +Fly
                  | rElec rC-}
 66867 | Vaults:5 | Received a gift from Okawaru
 66901 | Vaults:5 | Got a dazzling large shield {god gift}
 67358 | Vaults:5 | Identified the +1 great sword of Optimality {venom, +Rage}
 67603 | Vaults:5 | Got a dazzling cloak
 68129 | Lair:1   | Identified the +1 large shield "Jimuiph" {rCorr Str+4}
                  | (Okawaru gifted it to you on level 5 of the Vaults)
 68164 | Lair:1   | Identified the +3 cloak of the Evil One {rPois rF- rC+
                  | Int+2} (You found it on level 5 of the Vaults)
 68596 | Vaults:5 | Identified the Incunabulum of Companions
 68683 | Vaults:5 | Identified the ring "Bepomed" {rF+ Str-5 Int+4}
 68717 | Vaults:5 | Got a silver rune of Zot
 68723 | Vaults:5 | Got a slimy chain mail
 68739 | Vaults:5 | Identified the cursed +0 chain mail of Twilight {MP+9
                  | Slay+2} (You found it on level 5 of the Vaults)
 70015 | Depths:1 | Entered Level 1 of the Depths
 70015 | Depths:1 | Found a gateway to Hell.
 70016 | Depths:1 | Noticed Sojobo
 70026 | Depths:1 | Killed Sojobo
 70149 | Depths:1 | Found a gateway to a ziggurat.
 70287 | Depths:1 | Found a sparkling altar of Nemelex Xobeh.
 70363 | Depths:1 | Received a gift from Okawaru
 70364 | Depths:1 | Found the +10 large shield of Ignorance {rN+ Int-4}
 70929 | Depths:1 | Reached skill level 27 in Shields
 71335 | Depths:1 | Noticed a caustic shrike
 71342 | Depths:1 | Killed a caustic shrike
 71342 | Depths:1 | Reached XP level 24. HP: 217/235 MP: 24/24
 71369 | Depths:1 | Got a shimmering lapis lazuli ring
 71389 | Depths:1 | Identified Sif Muna's Guide on Attacks
 71395 | Depths:1 | Identified the ring "Rixov" {rElec rC+ Str+3 Slay-2} (You
                  | found it on level 1 of the Depths)
 72206 | Depths:2 | Received a gift from Okawaru
 72209 | Depths:2 | Got a steaming shield {god gift}
 72213 | Depths:2 | Identified the -8 shield "Pemm" {Str+2 Stlth+} (Okawaru
                  | gifted it to you on level 2 of the Depths)
 74361 | Depths:2 | Noticed a juggernaut
 74374 | Depths:2 | Killed a juggernaut
 74374 | Depths:2 | Received a gift from Okawaru
 75044 | Depths:3 | Found Gozag's Antique Weapon Shop.
 75054 | Depths:3 | Found an opulent altar of Gozag.
 75057 | Depths:3 | Found Gozag's Antique Armour Shop.
 75367 | Depths:3 | Found Gozag's Assorted Antiques.
 75564 | Depths:3 | Found Jusek's Antique Weapon Emporium.
 75742 | Depths:3 | Found a runed translucent door.
 76085 | Depths:3 | Received a gift from Okawaru
 76101 | Depths:3 | Got a faintly humming hat {god gift}
 76112 | Depths:3 | Identified the +1 hat of the Valley {Slay+2} (Okawaru
                  | gifted it to you on level 3 of the Depths)
 77484 | Depths:3 | Got a steaming bone ring
 77500 | Depths:3 | Got a pitted pewter ring
 77518 | Depths:3 | Identified the ring of Winter {rF++ MR+} (You found it on
                  | level 3 of the Depths)
 77520 | Depths:3 | Identified the ring of Itocad {Ice Str+2} (You found it on
                  | level 3 of the Depths)
 77527 | Depths:3 | Got a bloodstained great sword
 77528 | Depths:3 | Identified the +0 great sword of Fial {slice, rF+ Dex+7}
                  | (You found it on level 3 of the Depths)
 77789 | Depths:4 | Gained mutation: You are dopey. (Int -2) [a shining eye]
 77874 | Depths:4 | Reached XP level 25. HP: 229/247 MP: 25/25
 78447 | Depths:4 | Received a gift from Okawaru
 78450 | Depths:4 | Got dazzling acid dragon scales {god gift}
 78676 | Depths:4 | Got an iridescent scimitar
 78677 | Depths:4 | Identified the cursed +0 scimitar "Woroyh" {venom, rPois
                  | rC+ Str+4} (You found it on level 4 of the Depths)
 78762 | Depths:4 | Found the amulet of Vitality {Regen+ HP+15}
 78762 | Depths:4 | Found a one-way gate to the infinite horrors of the Abyss.
 79108 | Depths:4 | Got a spiked large shield
 79109 | Depths:4 | Identified the +4 large shield "Tiuschaho" {rF+ rC+ rN+
                  | Str+4} (You found it on level 4 of the Depths)
 79149 | Depths:5 | Entered Level 5 of the Depths
 79537 | Lair:1   | Identified the +4 acid dragon scales of the Archfiend {+Inv
                  | rC- rN+ rCorr SInv} (Okawaru gifted it to you on level 4 of
                  | the Depths)
 79792 | Slime:1  | Entered Level 1 of the Pits of Slime
 80233 | Slime:3  | Gained mutation: Armour fits poorly on your strangely
                  | shaped body. [a shining eye]
 80237 | Slime:3  | Lost mutation: You do not regenerate when monsters are
                  | visible. [a shining eye]
 80241 | Slime:3  | Gained mutation: You are frail. (-10% HP) [a shining eye]
 80416 | Slime:5  | Entered Level 5 of the Pits of Slime
 80653 | Slime:5  | Gained mutation: Your magical capacity is low. (-10% MP) [a
                  | shining eye]
 80655 | Slime:5  | Gained mutation: Your magical capacity is very low. (-20%
                  | MP) [a shining eye]
 80745 | Slime:4  | Noticed Dissolution
 80866 | Slime:4  | Paralysed by a floating eye for 3 turns
 80868 | Slime:4  | HP: 9/227 [slime creature (13)]
 80868 | Slime:4  | Annihilated by a very large slime creature

Levels and vault maps discovered:
D:1:      lightli_arrival_chessboard, layout_rooms, st_stairs_8
D:2:      minmay_razor_zed, layout_basic, fedhas_altar_2
D:3:      minmay_door_path, layout_basic, ashenzari_altar_1
D:4:      layout_rooms, uniq_robin
D:5:      gammafunk_cloud_chamber, layout_rooms, basic_altar, first_ration,
          uniq_edmund
D:6:      layout_loops_ring, minmay_temple_entry_glass, serial_shops,
          nicolae_shop_crystal
D:7:      layout_loops_ring, old_standard_altar, serial_shops, shop
D:8:      gammafunk_corrupted_shrine, layout_cave_pools, uniq_harold
D:9:      layout_long_grid, serial_shops, shop
D:10:     layout_irregular_city, grunt_livestock, st_stairs_6
D:11:     layout_basic, david_lair_generic
D:12:     layout_layer_cave, hiddenorc2_lemuel, lemuel_nasty_fountain
D:13:     layout_roguey, minmay_tree_intersection,
          minmay_guarded_unrand_variability, uniq_erolcha
D:14:     layout_gridville, david_vaults_5, basic_altar, minivault_20
D:15:     gammafunk_enter_depths_forms, layout_basic, corexii_corridor_pit
Temple:   kilobyte_greek_temple
Lair:1:   layout_cave_pods, serial_bayou_pond_a, grunt_megastairs_5
Lair:2:   lemuel_ratsnest, layout_small_grid, swamp_mist_pool,
          grunt_forest_large_clearings
Lair:3:   layout_chaotic_city, nicolae_spider_entry_tight_spaces,
          grunt_megastairs_1
Lair:4:   layout_regular_city, portal_ice_cave_entry_pillars_1,
          lemuel_fruit_fields
Lair:5:   layout_loops_ring, infiniplex_staircase_pool_2, lemuel_fruit_fields,
          uniq_josephine, uniq_urug
Lair:6:   hangedman_lair_caniforms_friends, layout_regular_city, wormcave,
          nicolae_slime_entry_slimehenge, serial_bayou_pond_a,
          grunt_megastairs_3
Swamp:1:  layout_basic_swamp, evilmike_swamp_ruin_house_6
Swamp:2:  layout_falls_marsh, serial_swamp_ruin, evilmike_swamp_ruin_house_3,
          evilmike_swamp_ruin_house_1, hangedman_swamp_ruin_wall,
          infiniplex_staircase_pool
Swamp:3:  layout_basic_swamp, nicolae_swamp_very_dense_foliage, swamp_pool1
Swamp:4:  swamp_basic_johnstein, layout_basic_swamp,
          ebering_ghost_reflecting_pool, swamp_pool1
Spider:1: layout_chambers, gammafunk_ghost_necromancy
Spider:2: layout_spider_delve, uniq_nikola, uniq_aizul
Spider:3: layout_spider_delve, nicolae_spider_cling_ruins, uniq_kirke
Spider:4: grunt_spider_rune_circles, guppyfry_spider_mini_2, uniq_arachne
Slime:1:  layout_caves, nicolae_slime_phagocytosis
Slime:2:  layout_caves
Slime:3:  layout_caves
Slime:4:  layout_caves, uniq_dissolution
Slime:5
Orc:1:    layout_diamond_mine, basic_altar, elves_outpost_lemuel
Orc:2:    pf_orc_diabolical, layout_caves, serial_shops, shop, uniq_maurice
Elf:1:    layout_gridlike, serial_shops, nicolae_shop_waterfront,
          minmay_elf_crystal_hexagon, st_stairs_4
Elf:2:    layout_loops_corners, serial_shops, shop,
          nicolae_shop_temple_entry_statues_fountains, shop,
          nicolae_shop_waterfront, shop, uniq_agnes, uniq_azrael
Elf:3:    minmay_elf_hall_x, layout_loops_cross, serial_shops, shop
Vaults:1: v_misc_2, v_misc_31, hangedman_vaults_locks, kb_rosetta,
          nicolae_vaults_yaktaur_gun_rack, ontoclasm_vaults_decontamination,
          hangedman_vaults_pinch, ontoclasm_vaults_gateway,
          nicolae_vaults_little_squares_5, nicolae_vaults_puzzle_piece,
          v_misc_24, layout_vaults_ring, serial_shops,
          nicolae_shop_temple_entry_statues_fountains
Vaults:2: hangedman_vaults_trim, vaults_mumra_bighexcomb,
          hangedman_vaults_river_flow, minmay_crypt_entry_necro_gods,
          hangedman_vaults_stagger, hangedman_vaults_stream,
          hangedman_vaults_unwind, ontoclasm_vaults_spin,
          ontoclasm_vaults_bender, ontoclasm_vaults_twist, vaults_room_hallway,
          layout_vaults_omnicross, serial_shops, bzr_entry_road, uniq_jory
Vaults:3: v_pattern_5, nicolae_vaults_network_star, grunt_vaults_hallway_long,
          vaults_dpeg_ring, nicolae_vaults_network_s, vaults_room_octagon,
          nicolae_vaults_little_squares_3, nicolae_vaults_little_ls, v_misc_17,
          hangedman_vaults_variations, nicolae_vaults_hallways_thing,
          nicolae_vaults_three_branches, ontoclasm_vaults_misaligned,
          vaults_room_grid, vaults_mumra_hexcomb, nicolae_vaults_shelves_hall,
          layout_vaults_maze
Vaults:4: hangedman_vaults_stretched_pinwheel, hangedman_vaults_impose,
          vaults_room_hallway, v_misc_4, grunt_vaults_twisty,
          hangedman_vaults_corner_blocks, nicolae_vaults_what_the_h,
          grunt_vaults_funnel, nicolae_vaults_border_crossing, v_misc_9,
          sword_in_stone, layout_vaults_chaotic_city, serial_shops,
          nicolae_shop_statue_plus, nicolae_shop_behind_doors, enter_trove_3
Vaults:5
Depths:1: minmay_the_grid_triangle_9x9_recursive_3
          [minmay_the_grid_triangle_9x9_alien,
          minmay_the_grid_triangle_9x9_semitri,
          minmay_the_grid_triangle_9x9_wacky_v,
          minmay_the_grid_triangle_9x9_prize_insulated,
          minmay_the_grid_triangle_9x9_flanged_cone,
          minmay_the_grid_triangle_9x9_corruption,
          minmay_the_grid_triangle_9x9_windchime,
          minmay_the_grid_triangle_9x9_descending_squares,
          minmay_the_grid_triangle_9x9_thin_v], layout_basic, enter_ziggurat_a,
          minmay_misc_feat_cross, hell_entry, grunt_pan_entry_zigzag,
          nemelex_xobeh_ov_fountains_minmay, uniq_sojobo
Depths:2: minmay_isolated_rectangles_in_corner, layout_basic,
          pf_hell_entry_tar_spiral, minmay_misc_feat_hallway, minivault_16
Depths:3: kennysheep_gozag_temple, layout_cave_shapes, hell_entry,
          minmay_misc_feat_doors, serial_shops, nicolae_shop_crystal, pan_entry,
          minmay_crystal_box
Depths:4: radiant_caverns_a_rkd, hell_entry, abyss_entry
Depths:5: grunt_crosshair, layout_gridlike, hell_entry, bh_walls_and_bars,
          marbit_kobold_abyss_entry, corner_web_ring, minmay_shoptagon,
          uniq_saint_roka

Skill      XL: |  1  2  3  4  5  6  7  8  9 10 11 12 13 14 15 16 17 18 19 20 21 22 23 24 25 |
---------------+----------------------------------------------------------------------------+-----
Fighting       | 4 5 6 7 9 10 11 13 14 15 17 18 19 20 21 22 23 24 25 | 25.8
Armour         | 4 5 6 7 8 9 11 12 13 14 15 16 17 18 19 20 21 22 | 22.0
Shields        | 4 5 6 7 9 11 12 14 15 16 17 19 20 21 22 23 25 26 27 | 27.0
Long Blades    | 3 4 5 6 8 10 11 12 14 15 17 18 19 20 21 22 23 24 25 26 | 26.0
Dodging        | 1 2 3 4 5 6 7 8 |  8.0
Stealth        | 1 2 3 |  3.3
Invocations    | 1 2 3 4 |  4.1
Evocations     | 1 2 |  2.0

Action                   |  1- 3 |  4- 6 |  7- 9 | 10-12 | 13-15 | 16-18 | 19-21 | 22-24 | 25-27 || total
-------------------------+-------+-------+-------+-------+-------+-------+-------+-------+-------++-------
Melee: Long sword        |    82 |   204 |   159 |       |       |       |       |       |       ||   445
       Headbutt          |    13 |    33 |    91 |   284 |   432 |   444 |   564 |   616 |   203 ||  2680
       Falchion          |       |       |   205 |  1126 |       |       |     7 |       |       ||  1338
       Whip              |       |       |     3 |       |       |       |       |       |       ||     3
       Double sword      |       |       |       |    32 |  1473 |  1190 |  1610 |  1481 |   448 ||  6234
       Scimitar          |       |       |       |       |     4 |   179 |       |       |       ||   183
Invok: Heroism           |       |       |     1 |     9 |    12 |    14 |     7 |    14 |     4 ||    61
       Finesse           |       |       |       |       |     1 |       |       |     3 |       ||     4
 Abil: Evoke Flight      |       |       |       |       |     4 |       |       |       |       ||     4
Evoke: Wand              |       |       |       |     2 |    10 |       |     6 |     1 |       ||    19
  Use: Potion            |     5 |       |     1 |     2 |     5 |     4 |     6 |     9 |     2 ||    34
       Scroll            |       |       |    16 |     3 |    12 |    14 |    25 |    23 |     3 ||    96
 Stab: Distracted        |       |       |       |       |       |       |     1 |     1 |       ||     2
  Eat: Chunk             |       |     8 |    11 |    17 |    32 |    31 |    30 |    33 |     2 ||   164
       Ration            |       |       |     1 |     3 |     2 |     7 |     7 |     5 |     2 ||    27
Armor: Scale mail        |    51 |    90 |    51 |       |       |       |       |       |       ||   192
       Chain mail        |       |       |    90 |   192 |       |       |       |       |       ||   282
       Plate armour      |       |       |       |   211 |   542 |   502 |   656 |   185 |       ||  2096
       Gold dragon scale |       |       |       |       |       |       |       |   302 |   181 ||   483
Dodge: Dodged            |    28 |    89 |   119 |   291 |   400 |   368 |   575 |   501 |   129 ||  2500
Block: Shield            |    63 |   123 |   211 |   655 |   991 |  1143 |  1700 |  1503 |   146 ||  6535
       Large shield      |       |       |       |       |       |       |       |       |   343 ||   343
       Rpst.: Long sword |     7 |    16 |    15 |       |       |       |       |       |       ||    38
       Falchion          |       |       |    13 |    64 |       |       |       |       |       ||    77
       Double sword      |       |       |       |     2 |    83 |    65 |   104 |    78 |    24 ||   356
       Scimitar          |       |       |       |       |       |    10 |       |       |       ||    10
